 Dungeon Crawl Stone Soup version 0.30-a0-141-g30f27751c5 (webtiles) character file.

Game seed: 15426478340436930862

329 qw the Chopper (level 6, 0/38 HPs)
             Began as a Gargoyle Fighter on Sept 25, 2022.
             Slain by Duvessa
             ... wielding a +0 short sword
              (2 damage)
             ... on level 7 of the Dungeon.
             The game lasted 00:01:29 (3184 turns).

qw the Chopper (Gargoyle Fighter)                   Turns: 3184, Time: 00:01:30

Health: 0/38       AC: 17    Str: 21    XL:     6   Next: 50%
Magic:  6/6        EV:  7    Int:  9    God:
Gold:   191        SH:  4    Dex:  9    Spells: 5/5 levels left

rFire   . . .      SeeInvis .    Y - +0 war axe
rCold   . . .      Faith    .    c - +0 buckler
rNeg    + . .      Spirit   .    j - +2 chain mail {rPois}
rPois   inf        Reflect  .    h - +1 helmet
rElec   +          Harm     .    (no cloak)
rCorr   .          Rampage  .    (no gloves)
Will    .....                    (no boots)
Stlth   ..........               g - amulet of regeneration
HPRegen 0.92/turn                (no ring)
MPRegen 0.10/turn                (no ring)

@: lit by a corona, glowing
A: sickness immunity, AC +4, negative energy resistance 1, electricity
resistance, torment resistance 1, petrification resistance
a: no special abilities


You were on level 7 of the Dungeon.
You visited 1 branch of the dungeon, and saw 5 of its levels.

You collected 191 gold pieces.


Innate Abilities, Weirdness & Mutations

You are immune to sickness and miasma.
Your stone body is resilient. (AC +4)
You are immune to poison.
You resist negative energy. (rN+)
You are resistant to electric shocks. (rElec)
You are resistant to unholy torment.
You are immune to petrification.


   Skills:
 - Level 4.0 Fighting
 + Level 5.8 Axes
 - Level 3.2 Armour
 - Level 3.2 Shields


You had 5 spell levels left.
You didn't know any spells.
Your spell library was empty.

Inventory:

Hand Weapons
 b - a +0 mace
 Y - a +0 war axe (weapon)
Armour
 c - a +0 buckler (worn)
 h - a +1 helmet (worn)
 j - a +2 chain mail of poison resistance (worn)
Jewellery
 g - an amulet of regeneration (around neck)
Scrolls
 a - a scroll of teleportation
Potions
 d - a potion of might
 e - a potion of berserk rage {unknown}
 f - a potion of lignification
 i - a potion of magic {unknown}
 k - 2 potions of curing {unknown}
 l - a potion of mutation {unknown}

Dungeon Overview and Level Annotations

Branches:
Dungeon (4/15)
 Temple: D:4-7

Altars:
Elyvilon

Annotations:
D:7 Duvessa


Message History

The water moccasin bites you.
The water moccasin bites you but does no damage.
Dowan hits you with a +0 dagger. You block Duvessa's attack.
3180 ||| READING 2 scrolls of teleportation.
As you read the scroll of teleportation, it crumbles to dust.
You feel strangely unstable. You block the water moccasin's attack.
Dowan hits you but does no damage. Duvessa hits you but does no damage.
The water moccasin bites you but does no damage.
You barely miss Dowan.
Dowan is heavily wounded.
You closely miss Duvessa. You hit the water moccasin.
The water moccasin bites you. Dowan hits you but does no damage.
Duvessa hits you but does no damage.
You slash Dowan!
You kill Dowan!
Duvessa screams in rage.
Duvessa goes berserk!
You miss the water moccasin. You closely miss Duvessa.
Duvessa hits you but does no damage. You block the water moccasin's attack.
The water moccasin bites you but does no damage.
Duvessa hits you with a +0 short sword.
The centaur unwields a +0 shortbow.
The centaur closely misses you.
The centaur kicks you but does no damage.
You closely miss Duvessa.
Duvessa is moderately wounded.
You hit the centaur. You slash the water moccasin!
Duvessa hits you but does no damage.
The water moccasin bites you but does no damage.
The centaur hits you. The centaur barely misses you.
Duvessa completely misses you. The water moccasin bites you.
The centaur hits you but does no damage.
The centaur kicks you but does no damage.
You slash the water moccasin!
The water moccasin is almost dead.
You barely miss Duvessa. You slash the centaur!
Your surroundings seem slightly different.
Found a stone staircase leading down.
The centaur wields a +0 shortbow.
The centaur shoots an arrow.
The arrow hits you but does no damage. Duvessa hits you with a +0 short sword.
You die...

##......>.....
.............
............
...........#
..........
.........
#......#
#####@.(...#
.......e.S...#
######...c...#
#..?ยค...#
#.?..>..#
#.......#
#.......#
#.####### #.#


You could see Duvessa (berserk), a water moccasin and a centaur.

Vanquished Creatures
  A necrophage (D:3)
  Dowan (D:7)
  An iguana (D:3)
  Jessica (D:2)
  Natasha (twice) (D:2)
  Robin (D:3)
  An adder (D:3)
  A white imp (D:7)
  A worm (D:2)
  2 dart slugs
  5 endoplasms
  4 giant cockroaches
  19 goblins
  7 hobgoblins
  3 jackals (D:2)
  10 kobolds
  3 quokkas
  10 ball pythons
  3 bats
  2 frilled lizards
  7 rats
85 creatures vanquished.

Notes
Turn   | Place    | Note
-------+----------+-------------------------------------------
     0 | D:1      | qw the Gargoyle Fighter began the quest for the Orb.
     0 | D:1      | Reached XP level 1. HP: 14/14 MP: 1/1
     0 | D:1      | 0 ||| qw: Version: 0.2-a-10-g399e6c4
     0 | D:1      | 0 ||| qw: Game counter: 384
     0 | D:1      | 0 ||| qw: Always use a shield: true
     0 | D:1      | 0 ||| qw: God list: Okawaru
     0 | D:1      | 0 ||| qw: Allow faded altars: false
     0 | D:1      | 0 ||| qw: Do Orc after D:15 true
     0 | D:1      | 0 ||| qw: Do second Lair branch before Depths: true
     0 | D:1      | 0 ||| qw: Lair rune preference: random
     0 | D:1      | 0 ||| qw: Plans: Normal, Zot:1-4, God:TSO, Crypt, Tomb,
                  | Pan, Slime:5, Hells, Abyss, Orb
     0 | D:1      | 0 ||| PLANNING D:1-11
    36 | D:1      | 36 ||| Stepping ~*~*~tactically~*~*~ (stealth).
    37 | D:1      | 37 ||| Stepping ~*~*~tactically~*~*~ (stealth).
    39 | D:1      | 39 ||| Stepping ~*~*~tactically~*~*~ (stealth).
    42 | D:1      | 42 ||| Stepping ~*~*~tactically~*~*~ (stealth).
    48 | D:1      | Reached skill level 2 in Axes
   167 | D:1      | Reached XP level 2. HP: 19/19 MP: 2/2
   231 | D:1      | 231 ||| Stepping ~*~*~tactically~*~*~ (stealth).
   232 | D:1      | 232 ||| Stepping ~*~*~tactically~*~*~ (stealth).
   390 | D:1      | 390 ||| Stepping ~*~*~tactically~*~*~ (stealth).
   733 | D:1      | Reached skill level 3 in Axes
   858 | D:1      | Reached XP level 3. HP: 23/23 MP: 3/3
  1097 | D:1      | 1097 ||| UPGRADING to +0 chain mail.
  1107 | D:1      | 1107 ||| DROPPING +0 scale mail.
  1108 | D:1      | 1108 ||| UPGRADING to +2 chain mail of poison resistance.
  1118 | D:1      | 1118 ||| DROPPING +0 chain mail.
  1119 | D:1      | 1119 ||| UPGRADING to amulet of regeneration.
  1124 | D:1      | 1124 ||| READING 2 scrolls labelled ROHORI PUIMELU.
  1128 | D:1      | 1128 ||| READING scroll labelled HACUARHUSIP.
  1277 | D:2      | 1277 ||| DROPPING +0 club.
  1432 | D:2      | Noticed Natasha
  1439 | D:2      | Killed Natasha
  1447 | D:2      | Reached XP level 4. HP: 28/28 MP: 4/4
  1527 | D:2      | 1527 ||| Stepping ~*~*~tactically~*~*~ (hiding).
  1648 | D:2      | 1648 ||| Stepping ~*~*~tactically~*~*~ (stealth).
  1733 | D:2      | Reached skill level 4 in Axes
  1743 | D:2      | Noticed Jessica
  1751 | D:2      | 1751 ||| Stepping ~*~*~tactically~*~*~ (hiding).
  1752 | D:2      | 1752 ||| Stepping ~*~*~tactically~*~*~ (hiding).
  1763 | D:2      | Killed Jessica
  1880 | D:2      | Noticed Natasha
  1889 | D:2      | Killed Natasha
  1890 | D:2      | Reached XP level 5. HP: 29/32 MP: 5/5
  2420 | D:3      | Reached skill level 5 in Axes
  2425 | D:3      | Found a white marble altar of Elyvilon.
  2432 | D:3      | 2432 ||| Stepping ~*~*~tactically~*~*~ (stealth).
  2437 | D:3      | 2437 ||| Stepping ~*~*~tactically~*~*~ (stealth).
  2440 | D:3      | 2440 ||| Stepping ~*~*~tactically~*~*~ (stealth).
  2472 | D:3      | 2472 ||| Stepping ~*~*~tactically~*~*~ (stealth).
  2514 | D:3      | Noticed Robin
  2521 | D:3      | Killed Robin
  2532 | D:3      | Paralysed by a goblin for 3 turns
  2736 | D:3      | 2736 ||| Stepping ~*~*~tactically~*~*~ (hiding).
  2962 | D:3      | Found a faded altar of an unknown god.
  3047 | D:3      | 3047 ||| UPGRADING to +1 helmet.
  3052 | D:3      | 3052 ||| READING scroll labelled XOR XOFOMEUD.
  3053 | D:3      | 3053 ||| READING scroll labelled HEDGHO HOTU.
  3054 | D:3      | 3054 ||| DRINKING 2 glowing dark potions.
  3126 | D:4      | 3126 ||| PLANNING SEWER
  3130 | D:4      | 3130 ||| STAIRDANCE
  3135 | D:3      | Reached XP level 6. HP: 38/38 MP: 6/6
  3143 | D:4      | You fall into a shaft and drop 3 floors!
  3154 | D:7      | 3154 ||| Stepping ~*~*~tactically~*~*~ (hiding).
  3156 | D:7      | 3156 ||| Stepping ~*~*~tactically~*~*~ (hiding).
  3171 | D:7      | Noticed Dowan
  3172 | D:7      | Noticed Duvessa
  3174 | D:7      | Noticed a water moccasin
  3179 | D:7      | HP: 9/38 [Dowan/+0 dagger (2)]
  3180 | D:7      | 3180 ||| READING 2 scrolls of teleportation.
  3182 | D:7      | Killed Dowan
  3183 | D:7      | HP: 1/38 [water moccasin (6)]
  3184 | D:7      | Slain by Duvessa

Levels and vault maps discovered:
D:1:      wander_arrival_fairy_ring, layout_basic, hangedman_decor_growths
D:2:      layout_loops_corners, uniq_jessica, uniq_natasha
D:3:      layout_rooms, nicolae_elyvilon_peaceful_grove,
          shapermc_ecumenical_altar_starsandcircs, dreamdust_mushroom_princess,
          mrwooster_statue_mirror, uniq_robin
D:4:      layout_loops_ring, nicolae_overflow_crystal_walls,
          nicolae_wu_jian_wuxing_cycle, minmay_temple_entry_glassed_door,
          gup_sewer_entry_spiral, minmay_distorted
D:7:      layout_basic, serial_shops,
          nicolae_shop_temple_entry_statues_fountains, uniq_duvessa

Skill      XL: |  1  2  3  4  5 |
---------------+----------------+-----
Axes           | 2 3 4 5 |  5.8
Fighting       | 4 |  4.0
Armour         | |  3.2
Shields        | |  3.2

Action                   |  1- 3 |  4- 6 || total
-------------------------+-------+-------++-------
Melee: War axe           |   102 |   164 ||   266
  Use: Scroll            |     2 |     3 ||     5
       Potion            |       |     1 ||     1
Armor: Scale mail        |    31 |       ||    31
       Chain mail        |    18 |   125 ||   143
Dodge: Dodged            |    51 |    56 ||   107
Block: Buckler           |    20 |    26 ||    46

Table legend:
 A = Non-vault XP
 B = Vault XP
 C = Vault XP percentage of total XP
 D = Non-vault monster count
 E = Vault monster count
 F = Vault count percentage of total count
                 A         B        C        D         E       F
            +---------+---------+-------+---------+---------+-------
      Total |     299 |     171 |  36.4 |      70 |      15 |  17.6
            +---------+---------+-------+---------+---------+-------
        D:1 |      35 |       0 |   0.0 |      23 |       0 |   0.0
        D:2 |      71 |      72 |  50.3 |      19 |       2 |   9.5
        D:3 |     181 |      33 |  15.4 |      26 |      12 |  31.6
        D:4 |       2 |       0 |   0.0 |       1 |       0 |   0.0
        D:7 |      10 |      66 |  86.8 |       1 |       1 |  50.0
            +---------+---------+-------+---------+---------+-------
